 Dungeon Crawl Stone Soup version 0.32-a0-468-g38b2580584 (webtiles) character file.

Game seed: 12291923327093429670

281354 CougarLife the Earth Mage (level 20, -18/128 HPs)
             Began as a Gargoyle Earth Elementalist on Feb 24, 2024.
             Was the Champion of Vehumet.
             Killed by a reflected crystal spear
             ... reflected by an orc warlord
             ... on level 1 of the Depths on Feb 25, 2024.
             The game lasted 01:50:42 (48761 turns).

CougarLife the Earth Mage (GrEE)                   Turns: 48761, Time: 01:50:43

Health: -18/128    AC: 39    Str: 14    XL:     20   Next: 50%
Magic:  24/50      EV: 11    Int: 29    God:    Vehumet [******]
Gold:   2629       SH:  0    Dex: 10    Spells: 10/53 levels left

rFire   . . .        R - staff of conjuration
rCold   . . .        (no shield)
rNeg    + . .        i - +6 acid dragon scales
rPois   ∞            J - +2 helmet
rElec   +            u - +0 cloak
rCorr   +            U - +2 pair of gloves
SInv    .            A - +1 pair of boots
Will    +....        L - amulet of magic regeneration
Stlth   +            p - +6 ring of intelligence
HPRegen 0.41/turn    s - ring of magical power
MPRegen 0.72/turn

%: no passive effects
@: flying
A: sickness immunity, AC +15, big wings, negative energy resistance 1,
electricity resistance, torment resistance 1, petrification resistance
}: 2/15 runes: decaying, gossamer
a: Renounce Religion


You were on level 1 of the Depths.
You worshipped Vehumet.
Vehumet was exalted by your worship.
You visited 7 branches of the dungeon, and saw 32 of its levels.
You visited the Abyss 1 time.
You also visited: Trove, Bailey and Ice Cave.

You collected 3942 gold pieces.
You spent 1313 gold pieces at shops.

Inventory:

Armour
 i - +6 acid dragon scales (worn)
 u - a +0 cloak (worn)
 A - a +1 pair of boots (worn)
 J - a +2 helmet (worn)
 U - a +2 pair of gloves (worn)
Magical Staves
 R - a staff of conjuration (weapon)
Jewellery
 f - a ring of ice
 n - a ring of willpower
 p - a +6 ring of intelligence (left hand)
 s - a ring of magical power (right hand)
 w - a ring of protection from cold
 H - a ring of protection from fire
 L - an amulet of magic regeneration (around neck)
 N - a ring of protection from fire
 Q - a ring of resist corrosion
Wands
 e - a wand of digging (10)
 C - a wand of polymorph (48)
 O - a wand of charming (12)
Scrolls
 a - 3 scrolls of silence
 c - 11 scrolls of poison
 d - a scroll of enchant armour
 g - a scroll of torment
 m - 15 scrolls of teleportation
 q - 4 scrolls of fear
 v - 2 scrolls of vulnerability
 x - 9 scrolls of immolation
 y - 2 scrolls of amnesia
 B - 8 scrolls of revelation
 S - 7 scrolls of fog
 T - 2 scrolls of summoning
 V - 2 scrolls of noise
Potions
 h - 4 potions of mutation
 j - 9 potions of curing
 k - 11 potions of ambrosia
 l - 8 potions of might
 o - 7 potions of haste
 r - 5 potions of lignification
 t - 4 potions of attraction
 z - 3 potions of invisibility
 D - 3 potions of heal wounds
 E - 6 potions of brilliance
 F - 4 potions of enlightenment
 G - 4 potions of berserk rage
 I - a potion of magic
 W - 4 potions of resistance


   Skills:
 + Level 14.6 Fighting
 - Level 7.6 Armour
 - Level 1.5 Dodging
 - Level 2.1 Stealth
 + Level 17.1 Spellcasting
 * Level 18.1 Conjurations
 - Level 15.3 Fire Magic
 - Level 5.2 Air Magic
 * Level 19.5 Earth Magic


You had 10 spell levels left.
You knew the following spells:

 Your Spells              Type           Power      Damage    Failure   Level
a - Sandblast             Erth           100%       2d20      0%          1
b - Stone Arrow           Conj/Erth      100%       3d13      0%          3
c - Conjure Ball Lightni  Conj/Air       48%        3x3d17    1%          6
d - Freezing Cloud        Conj/Ice/Air   40%        6-21      1%          5
e - Lehudib's Crystal Sp  Conj/Erth      58%        10d13     1%          8
f - Arcjolt               Conj/Air       48%        1d58      1%          5
g - Spellforged Servitor  Conj/Summ      43%        N/A       13%         7
h - Ignition              Fire           42%        3d12      8%          8

Your spell library contained the following spells:

 Spells                   Type           Power      Damage    Failure   Level
 Shatter                  Erth           47%        3d36*     21%         9
 Fire Storm               Conj/Fire      55%        8d14      52%         9
 Chain Lightning          Conj/Air       48%        3d64      99%         9
 Magic Dart               Conj           100%       1d8       0%          1
 Shock                    Conj/Air       100%       1d9       0%          1
 Scorch                   Fire           100%       2d9       0%          2
 Searing Ray              Conj           100%       2d8       0%          2
 Passwall                 Erth           95%        N/A       0%          3
 Brom's Barrelling Bould  Conj/Erth      100%       2d11      0%          4
 Lee's Rapid Deconstruct  Erth           47%        3d23*     0%          5
 Kiss of Death            Conj/Necr      100%       2d13      1%          1
 Sting                    Conj/Alch      100%       1d9       1%          1
 Mercury Vapours          Alch/Air       80%        N/A       1%          2
 Dazzling Flash           Conj/Hex       100%       N/A       1%          3
 Hailstorm                Conj/Ice       86%        3d14      1%          3
 Mephitic Cloud           Conj/Alch/Air  81%        N/A       1%          3
 Swiftness                Air            53%        N/A       1%          3
 Volatile Blastmotes      Fire/Tloc      100%       2d18      1%          3
 Flame Wave               Conj/Fire      100%       2d21      1%          4
 Fulminant Prism          Conj/Alch      43%        3d19      1%          4
 Ignite Poison            Fire/Alch      62%        N/A       1%          4
 Iskenderun's Mystic Bla  Conj/Tloc      86%        2d17      1%          4
 Leda's Liquefaction      Alch/Erth      34%        N/A       1%          4
 Petrify                  Alch/Erth      69%        N/A       1%          4
 Sticky Flame             Fire/Alch      62%        2d10      1%          4
 Summon Blazeheart Golem  Fire/Summ      62%        N/A       1%          4
 Irradiate                Conj/Alch      43%        3d26      1%          5
 Iskenderun's Battlesphe  Conj           100%       2d15      1%          5
 Bombard                  Conj/Erth      58%        9d10      1%          6
 Plasma Beam              Fire/Air       35%        2x1d49    1%          6
 Starburst                Conj/Fire      55%        6d15      1%          6
 Orb of Destruction       Conj           57%        9d14      1%          7
 Necrotise                Necr           96%        1d8       2%          1
 Call Imp                 Summ           48%        N/A       3%          2
 Ensorcelled Hibernation  Hex/Ice        48%        N/A       3%          2
 Lesser Beckoning         Tloc           48%        N/A       3%          2
 Olgreb's Toxic Radiance  Alch           24%        N/A       7%          4
 Gell's Gravitas          Tloc           24%        N/A       8%          3
 Summon Ice Beast         Ice/Summ       24%        N/A       8%          3
 Teleport Other           Tloc           24%        N/A       8%          3
 Silence                  Hex/Air        20%        N/A       22%         5
 Dispel Undead            Necr           24%        3d12      24%         4
 Manifold Assault         Tloc           24%        N/A       24%         4
 Martyr's Knell           Necr/Summ      24%        N/A       24%         4
 Passage of Golubria      Tloc           24%        N/A       24%         4
 Summon Forest            Summ/Tloc      12%        N/A       56%         5
 Summon Mana Viper        Hex/Summ       24%        N/A       56%         5
 Death Channel            Necr           12%        N/A       98%         6
 Dispersal                Tloc           12%        N/A       98%         6
 Sculpt Simulacrum        Ice/Alch       12%        N/A       98%         6
 Summon Cactus Giant      Summ           12%        N/A       98%         6
 Ozocubu's Refrigeration  Ice            12%        4d10      99%         7
 Summon Hydra             Summ           12%        N/A       100%        7
 Polar Vortex             Ice            12%        12d1*     100%        9
 Cigotuvi's Dreadful Rot  Necr/Alch/Air  Unusable   N/A       N/A         2
 Sublimation of Blood     Necr           Unusable   N/A       N/A         2

Dungeon Overview and Level Annotations

Branches:
Dungeon (15/15)            Temple (1/1) D:4            Lair (5/5) D:10
  Swamp (4/4) Lair:3       Spider (4/4) Lair:3        Slime (0/5) Lair:5
    Orc (2/2) D:10            Elf (0/3) Orc:2        Vaults (0/5) D:14
 Depths (1/4) D:15         Bailey (visited)           IceCv (visited)

Altars:
Ashenzari
Cheibriados
Dithmenos
Elyvilon
Fedhas
Gozag
Hepliaklqana
Kikubaaqudgha
Makhleb
Nemelex Xobeh
Okawaru
Qazlal
Ru
Sif Muna
Trog
Uskayaw
Vehumet
Wu Jian
Xom
Yredelemnul
Zin
The Shining One
Beogh

Shops:
D:1 !   D:9 =   D:13 *   Orc:1 ?   Orc:2 (([:[

Portals:
Hell: Depths:1
Abyss: Depths:1
Pandemonium: Depths:1

Annotations:
Swamp:4 1 runed translucent door, Okut Hesm's ghost, adept OnWr


Innate Abilities, Weirdness & Mutations

You are immune to sickness and miasma.
Your stone body is resilient. (AC +15)
You are immune to poison.
Your large and strong wings let you fly.
You resist negative energy. (rN+)
You are resistant to electric shocks. (rElec)
You are resistant to unholy torment.
You are immune to petrification.


Message History

HP restored.
Casting: Lehudib's Crystal Spear (dangerous; 1% risk of failure)
Confirm with . or Enter, or press ? or * to list all spells.
Aiming: Freezing Cloud (mildly dangerous; 1% risk of failure)
Press: ? - help, Dir - move target You feel a surge of power!
The orc warlord is engulfed in freezing vapours.
Casting: Freezing Cloud (mildly dangerous; 1% risk of failure)
Confirm with . or Enter, or press ? or * to list all spells.
You can't see any susceptible monsters within range! (Use Z to cast anyway.)
The orc warlord is engulfed in freezing vapours.
Casting: Freezing Cloud (mildly dangerous; 1% risk of failure)
Confirm with . or Enter, or press ? or * to list all spells.
Aiming: Lehudib's Crystal Spear (dangerous; 1% risk of failure)
Press: ? - help, Shift-Dir - straight line, f - orc warlord
Aim: an orc warlord, wielding the +1 broad axe of Ciurid {speed, ^Contam rF+ Will+}, wearing a +4 plate armour and wearing a +2 tower shield of reflection (freezing vapour, lightly wounded, reflecting blocked projectiles, 94% to hit)
You feel a surge of power!
The orc warlord blocks the crystal spear with its +2 tower shield of reflection... and reflects it back!
The crystal spear hits you!!!
Ouch! That really hurt!
The orc warlord is engulfed in freezing vapours.
Casting: Lehudib's Crystal Spear (dangerous; 1% risk of failure)
Confirm with . or Enter, or press ? or * to list all spells.
Aiming: Lehudib's Crystal Spear (dangerous; 1% risk of failure)
Press: ? - help, Shift-Dir - straight line, f/p - orc warlord
Aim: an orc warlord, wielding the +1 broad axe of Ciurid {speed, ^Contam rF+ Will+}, wearing a +4 plate armour and wearing a +2 tower shield of reflection (freezing vapour, lightly wounded, reflecting blocked projectiles, 94% to hit)
You feel a surge of power!
The orc warlord blocks the crystal spear with its +2 tower shield of reflection... and reflects it back!
The crystal spear misses you.
The orc warlord is engulfed in freezing vapours.
Casting: Lehudib's Crystal Spear (dangerous; 1% risk of failure)
Confirm with . or Enter, or press ? or * to list all spells.
Aiming: Lehudib's Crystal Spear (dangerous; 1% risk of failure)
Press: ? - help, Shift-Dir - straight line, f/p - orc warlord
Aim: an orc warlord, wielding the +1 broad axe of Ciurid {speed, ^Contam rF+ Will+}, wearing a +4 plate armour and wearing a +2 tower shield of reflection (thin mist, lightly wounded, reflecting blocked projectiles, 94% to hit)
You feel a surge of power!
The orc warlord blocks the crystal spear with its +2 tower shield of reflection... and reflects it back!
The crystal spear hits you!!!!
Ouch! That really hurt!
You die...

########## ########### ########
.........# #.........# #..."...
.........# #..###....# #...####
...#####.# #..# #....# #...# ...#
#.# #..###....# #...# ...# #.#
#.........####...# ...#. #.#
###..............#
####..§#######§..............####
..§§§§§§§§§o@....####........
#.§§§§§§§§.###..# #........
...§§§§.§§§.# #..# #........
...#######§.# #..####........ ..
#.# #######.........##### ####
#.# #...............# ...# #.#
#...............# ...#####.#
#...##..........# .........#
#...##..........#


You could see an orc warlord (reflecting).

Vanquished Creatures
  Saint Roka (Depths:1)
  A bone dragon (Abyss:1)
  Arachne (Spider:4)
  3 tentacled monstrosities (Swamp:4)
  Jorgrun (D:15)
  Asterion (Spider:2)
  Mlioglotl (Spider:1)
  Frances (Spider:1)
  2 thorn hunters
  Kirke (D:13)
  Aizul (Swamp:3)
  A tengu reaver (Depths:1)
  3 fenstrider witches
  8 emperor scorpions
  5 frost giants
  Louise (Spider:2)
  4 ghost moths
  An orc warlord (Orc:2)
  A reaper (Depths:1)
  3 stone giants (Depths:1)
  A ghoul (Swamp:4)
  5 very ugly things
  A broodmother (Spider:4)
  8 eleionomae
  8 bunyips
  A white draconian (IceCv)
  2 spark wasps
  A starcursed mass (Abyss:1)
  An ettin (Orc:2)
  A blizzard demon (Swamp:4)
  2 shambling mangroves
  2 entropy weavers
  Josephine (D:13)
  Fannar (D:10)
  A caustic shrike simulacrum (Depths:1)
  A great orb of eyes (D:15)
  2 rakshasas (Depths:1)
  8 ice dragons
  Erolcha (D:10)
  An entropy weaver (shapeshifter) (Spider:4)
  12 alligators
  3 ghost crabs
  6 ironbound frosthearts (IceCv)
  2 ogre magi
  A hell beast (Swamp:4)
  3 jorogumos
  21 hydras
  3 spriggan air magi
  5 boulder beetles
  6 centaur warriors
  A dancing weapon (D:8)
  4 radroaches
  6 two-headed ogres
  5 death yaks (Lair:5)
  A deep troll shaman (Depths:1)
  2 vampire magi (Depths:1)
  4 orc high priests
  8 demonic crawlers
  2 spriggan berserkers (Depths:1)
  A thrashing horror (Abyss:1)
  2 soul eaters (Swamp:4)
  A skeletal warrior (D:14)
  A flayed ghost (Depths:1)
  The ghost of soul19 the Carver, a novice CoGl (D:8)
  2 wretched stars (Abyss:1)
  A sixfirhy (Abyss:1)
  4 goliath frogs
  A glowing orange brain (Depths:1)
  8 pharaoh ants
  6 spriggan druids
  4 deep trolls (Depths:1)
  3 large abominations (Abyss:1)
  2 arcanists (Swamp:4)
  2 sun moths
  An orange crystal statue (IceCv)
  14 orb spiders
  11 bog bodies
  A deep elf archer (D:14)
  A necromancer (Depths:1)
  7 swamp dragons
  7 orc knights
  10 steelbarb worms
  6 deep elf pyromancers
  2 deep elf zephyrmancers
  A fire giant zombie (Depths:1)
  26 wolf spiders
  28 ugly things
  9 orc sorcerers
  6 will-o-the-wisps
  4 moths of wrath
  A shadow dragon skeleton (Abyss:1)
  A worldbinder (Abyss:1)
  An oklob plant (Lair:5)
  2 cyclopes (D:15)
  8 meliai
  A manticore (D:12)
  A kobold blastminer (Orc:2)
  9 elephants
  A black mamba (shapeshifter) (D:14)
  5 black mambas
  4 gargoyles
  2 orange demons (Swamp:4)
  7 torpor snails
  7 cane toads
  3 centaur skeletons (D:14)
  6 smoke demons
  Maggie (D:8)
  A torpor snail (shapeshifter) (D:15)
  9 rime drakes
  3 kobold demonologists (D:13)
  3 efreet
  An unseen horror (D:12)
  8 komodo dragons
  A spriggan skeleton (Depths:1)
  3 hellwings (Swamp:4)
  8 tyrant leeches
  2 bloated husks
  10 trolls
  29 hornets
  16 polar bears
  2 harpy skeletons
  A wind drake (shapeshifter) (D:13)
  26 tarantellas
  Grinder (D:5)
  5 saltlings (Orc:2)
  A raiju (Abyss:1)
  40 jumping spiders
  28 blink frogs
  A dream sheep (Lair:5)
  5 slime creatures (D:15)
  29 spriggans
  27 culicivoras
  A shadow (D:9)
  7 wraiths
  A hog (D:13)
  A vampire (D:10)
  Eustachio (D:5)
  42 yaks
  3 ynoxinuls
  7 basilisks
  6 wyverns
  A warg (Orc:2)
  A human (D:13)
  18 vampire mosquitoes
  2 neqoxecs (Abyss:1)
  A steam dragon (D:10)
  43 redbacks
  Edmund (D:4)
  3 chaos spawn (Swamp:4)
  2 acid dragons
  2 small abominations (Abyss:1)
  14 swamp worms
  Duvessa (D:7)
  14 water moccasins
  33 orc warriors
  4 ice beasts
  6 swamp drakes
  A laughing skull (Abyss:1)
  3 black bears
  5 boggarts
  11 centaurs
  15 ogres
  21 wolves
  2 phantoms (D:6)
  12 bullfrogs
  6 kobold brigands
  A gnoll sergeant (D:7)
  5 wights (Abyss:1)
  Dowan (D:7)
  6 killer bees (D:8)
  2 electric eels (Spider:2)
  2 howler monkeys (D:12)
  2 lava snakes (D:15)
  A quasit (Abyss:1)
  14 orc priests
  A jelly (D:5)
  A bombardier beetle (D:4)
  2 hounds
  3 sleepcaps
  3 iguanas
  Ijyb (D:5)
  21 orc wizards
  3 gnolls (D:7)
  5 adders
  5 white imps
  3 ufetubi (Abyss:1)
  7 dart slugs
  5 ribbon worms
  91 orcs
  4 bats
  4 endoplasms
  2 giant cockroaches
  13 goblins
  10 hobgoblins
  14 jackals
  4 quokkas
  14 ball pythons
  4 frilled lizards
  5 kobolds
  2 rats
1230 creatures vanquished.

Vanquished Creatures (collateral kills)
  2 ball lightnings
2 creatures vanquished.

Vanquished Creatures (others)
  A bloated husk (Swamp:3)
  A troll (D:13)
  4 humans (D:13)
  A vampire mosquito (D:13)
  A redback (Spider:2)
  2 chaos spawn (Swamp:4)
  458 ball lightnings
  10 foxfires
478 creatures vanquished.

Grand Total: 1710 creatures vanquished

Notes
Turn   | Place    | Note
-------+----------+-------------------------------------------
     0 | D:1      | CougarLife the Gargoyle Earth Elementalist began the quest
                  | for the Orb.
     0 | D:1      | Reached XP level 1. HP: 10/10 MP: 3/3
   130 | D:1      | Found Xutzaf's Distillery.
   287 | D:1      | Reached XP level 2. HP: 15/15 MP: 3/5
   462 | D:1      | Reached skill level 4 in Earth Magic
   714 | D:1      | Reached XP level 3. HP: 19/19 MP: 4/6
  1853 | D:2      | Reached XP level 4. HP: 24/24 MP: 4/8
  1899 | D:2      | Learned a level 3 spell: Stone Arrow
  2677 | D:3      | Reached XP level 5. HP: 23/28 MP: 9/9
  2935 | D:3      | Found a broken altar of Ashenzari.
  2987 | D:3      | Reached skill level 5 in Earth Magic
  3117 | D:3      | Found a radiant altar of Vehumet.
  3145 | D:3      | Became a worshipper of Vehumet
  3226 | D:4      | Noticed Edmund
  3230 | D:4      | Killed Edmund
  3231 | D:4      | Reached XP level 6. HP: 32/32 MP: 7/11
  3346 | D:4      | Found a staircase to the Ecumenical Temple.
  3360 | Temple   | Entered the Ecumenical Temple
  3617 | D:4      | Noticed a black bear
  3621 | D:4      | Killed a black bear
  3622 | D:4      | Reached skill level 6 in Earth Magic
  3622 | D:4      | Reached XP level 7. HP: 32/36 MP: 13/13
  3794 | D:4      | Found a shadowy altar of Dithmenos.
  4018 | D:4      | Found a glowing golden altar of the Shining One.
  4018 | D:4      | Found a blossoming altar of Fedhas.
  4263 | D:4      | Reached * piety under Vehumet
  4263 | D:4      | Offered knowledge of Freeze by Vehumet.
  4675 | D:5      | Entered Level 5 of the Dungeon
  4723 | D:5      | Reached skill level 5 in Conjurations
  4903 | D:5      | Noticed Eustachio
  4915 | D:5      | Killed Eustachio
  4916 | D:5      | Reached skill level 5 in Spellcasting
  4916 | D:5      | Reached skill level 7 in Earth Magic
  4916 | D:5      | Reached XP level 8. HP: 41/41 MP: 13/15
  5153 | D:5      | Noticed Ijyb
  5157 | D:5      | Killed Ijyb
  5346 | D:5      | Noticed Grinder
  5350 | D:5      | Killed Grinder
  5351 | D:5      | Reached skill level 8 in Earth Magic
  6311 | D:6      | Reached XP level 9. HP: 45/45 MP: 18/18
  7073 | D:7      | Noticed Duvessa
  7073 | D:7      | Noticed Dowan
  7077 | D:7      | Killed Duvessa
  7078 | D:7      | Reached skill level 9 in Earth Magic
  7081 | D:7      | Killed Dowan
  7301 | D:7      | Found a white marble altar of Elyvilon.
  7542 | D:7      | Found an iron altar of Okawaru.
  7763 | D:8      | Found a flagged portal.
  7775 | Bailey   | Entered a bailey
  7935 | Bailey   | Reached ** piety under Vehumet
  7935 | Bailey   | Offered knowledge of Searing Ray by Vehumet.
  8009 | Bailey   | Reached skill level 10 in Earth Magic
  8254 | Bailey   | Reached XP level 10. HP: 45/50 MP: 21/21
  8480 | Bailey   | Found a roughly hewn altar of Beogh.
  8480 | Bailey   | Noticed an orc knight
  9130 | D:8      | Offered knowledge of Inner Flame by Vehumet.
  9140 | D:8      | Reached skill level 11 in Earth Magic
  9362 | D:8      | Noticed Maggie
  9369 | D:8      | Killed Maggie
  9880 | D:8      | Found a runed translucent door.
  9881 | D:8      | Found a shimmering altar of Xom.
  9881 | D:8      | Noticed soul19's ghost (novice CoGl)
  9882 | D:8      | Noticed a +2 whip of chaos
 10243 | D:9      | Reached skill level 10 in Conjurations
 10349 | D:9      | Reached *** piety under Vehumet
 10350 | D:9      | Reached XP level 11. HP: 54/54 MP: 10/24
 10740 | D:9      | Found a shimmering altar of Xom.
 10766 | D:9      | Reached skill level 12 in Earth Magic
 10926 | D:9      | Found Bauv's Jewellery Shoppe.
 10984 | D:9      | Found a shimmering blue altar of Sif Muna.
 11289 | D:10     | Entered Level 10 of the Dungeon
 11311 | D:10     | Found a staircase to the Lair.
 11368 | D:10     | Noticed Fannar
 11411 | D:10     | Killed Fannar
 12124 | D:10     | Offered knowledge of Fulminant Prism by Vehumet.
 12402 | D:10     | Found a staircase to the Orcish Mines.
 12659 | D:11     | Noticed a two-headed ogre
 12664 | D:11     | Killed a two-headed ogre
 12665 | D:11     | Reached skill level 10 in Spellcasting
 13063 | D:11     | Noticed a two-headed ogre
 13066 | D:11     | Killed a two-headed ogre
 13067 | D:11     | Reached skill level 13 in Earth Magic
 13343 | Lair:1   | Entered Level 1 of the Lair of Beasts
 13581 | D:1      | Bought a potion of brilliance for 52 gold pieces
 13581 | D:1      | Bought a potion of enlightenment for 65 gold pieces
 13581 | D:1      | Bought 2 potions of berserk rage for 130 gold pieces
 14019 | D:10     | Reached XP level 12. HP: 38/59 MP: 24/26
 14197 | Lair:1   | Reached **** piety under Vehumet
 14636 | Lair:1   | Offered knowledge of Airstrike by Vehumet.
 14706 | Lair:1   | Got Etwoitsi's Dissertation on the Imbrued Nimbus
 14714 | Lair:1   | Learned a level 6 spell: Conjure Ball Lightning
 14957 | Lair:1   | Identified the +8 flail "Jellyslayer" {freeze, rF+ Int+5}
 15292 | Lair:2   | Reached skill level 1 in Air Magic
 16365 | Lair:3   | Reached skill level 14 in Earth Magic
 16368 | Lair:3   | Noticed a seven-headed hydra
 16375 | Lair:3   | Killed a seven-headed hydra
 16376 | Lair:3   | Reached skill level 1 in Fighting
 16378 | Lair:3   | Noticed a five-headed hydra
 16382 | Lair:3   | Killed a five-headed hydra
 16477 | Lair:3   | Noticed an eleionoma
 16494 | Lair:3   | Killed an eleionoma
 16495 | Lair:3   | Reached XP level 13. HP: 66/66 MP: 28/28
 16606 | Lair:3   | Found a staircase to the Swamp.
 16784 | Lair:3   | Reached skill level 5 in Air Magic
 17461 | Lair:3   | Found a hole to the Spider Nest.
 17614 | Lair:4   | Reached ***** piety under Vehumet
 17614 | Lair:4   | Offered knowledge of Freezing Cloud by Vehumet.
 17623 | Lair:4   | Learned a level 5 spell: Freezing Cloud
 18350 | Lair:5   | Entered Level 5 of the Lair of Beasts
 18719 | Lair:5   | Reached skill level 5 in Fighting
 18733 | Lair:5   | Reached skill level 15 in Earth Magic
 19113 | Lair:5   | Gained mutation: Your large and strong wings let you fly.
                  | [Gargoyle growth]
 19113 | Lair:5   | Reached XP level 14. HP: 64/79 MP: 30/30
 19416 | Lair:5   | Identified the +2 flail of Ahiekus {speed, rCorr Int-2
                  | Dex+6}
 20464 | Lair:5   | Found a staircase to the Slime Pits.
 20751 | D:12     | You are sucked into a shaft and drop 1 floor!
 21019 | D:12     | Found a portal to a secret trove of treasure.
 21840 | Orc:1    | Entered Level 1 of the Orcish Mines
 21840 | Orc:1    | Noticed Erolcha
 21855 | Abyss:1  | Cast into level 1 of the Abyss (Erolcha)
 21859 | Abyss:1  | Found a corrupted altar of Lugonu.
 21935 | Abyss:1  | Reached skill level 16 in Earth Magic
 22058 | Abyss:1  | Learned a level 8 spell: Lehudib's Crystal Spear
 22125 | Abyss:1  | Noticed a starcursed mass
 22132 | Abyss:1  | Killed a starcursed mass
 22139 | Abyss:1  | Reached skill level 15 in Conjurations
 22191 | Abyss:1  | Noticed a bone dragon
 22198 | Abyss:1  | Killed a bone dragon
 22381 | Abyss:1  | Noticed a green very ugly thing
 22384 | Abyss:1  | Killed a green very ugly thing
 22407 | D:10     | Escaped the Abyss
 22409 | D:10     | Killed Erolcha
 22646 | Orc:1    | Offered knowledge of Iskenderun's Mystic Blast by Vehumet.
 22664 | Orc:1    | Reached XP level 15. HP: 77/88 MP: 27/32
 22922 | Orc:1    | Reached ****** piety under Vehumet
 22974 | Orc:1    | Found Viesi's Magic Scroll Boutique.
 22985 | Orc:1    | Bought a scroll of teleportation for 51 gold pieces
 22985 | Orc:1    | Bought a scroll of silence for 161 gold pieces
 22985 | Orc:1    | Bought a scroll of revelation for 127 gold pieces
 22985 | Orc:1    | Bought a scroll of enchant weapon for 127 gold pieces
 22985 | Orc:1    | Bought a scroll of identify for 34 gold pieces
 22985 | Orc:1    | Bought a scroll of identify for 34 gold pieces
 23143 | Orc:2    | Entered Level 2 of the Orcish Mines
 23422 | Orc:2    | Found a staircase to the Elven Halls.
 23523 | Orc:2    | Found Vuuted's Antique Weapon Emporium.
 23631 | Orc:2    | Reached skill level 17 in Earth Magic
 23917 | Orc:2    | Noticed an orc warlord
 23922 | Orc:2    | Killed an orc warlord
 24089 | Orc:2    | Offered knowledge of Arcjolt by Vehumet.
 24155 | Orc:2    | Found Kyntim's Book Shoppe.
 24156 | Orc:2    | Found a roughly hewn altar of Beogh.
 24157 | Orc:2    | Found Wuis Bogg's Antique Armour Shoppe.
 24167 | Orc:2    | Bought an Everburning Encyclopedia for 532 gold pieces
 24209 | Orc:2    | Found Satrai's Weapon Shop.
 24238 | Orc:2    | Found Kadeb's Antique Armour Shoppe.
 24653 | Swamp:1  | Entered Level 1 of the Swamp
 25187 | Swamp:1  | Learned a level 5 spell: Arcjolt
 25669 | Swamp:1  | Reached skill level 18 in Earth Magic
 26156 | Swamp:2  | Reached skill level 1 in Fire Magic
 26519 | Swamp:2  | Reached XP level 16. HP: 96/96 MP: 33/33
 26575 | Swamp:2  | Reached skill level 10 in Fighting
 26601 | Swamp:2  | Offered knowledge of Spellforged Servitor by Vehumet.
 27223 | Swamp:2  | Reached skill level 5 in Fire Magic
 27711 | Swamp:2  | Noticed a thorn hunter
 27717 | Swamp:2  | Killed a thorn hunter
 28400 | Swamp:3  | Reached skill level 1 in Armour
 28827 | Swamp:3  | Identified the serpent talisman of the Eight Boll Weevils
                  | {Will+}
 28827 | Swamp:3  | Noticed Aizul
 28840 | Swamp:3  | Killed Aizul
 29074 | Swamp:3  | Learned a level 7 spell: Spellforged Servitor
 29353 | Swamp:4  | Entered Level 4 of the Swamp
 29741 | Swamp:4  | Reached XP level 17. HP: 58/105 MP: 6/35
 29955 | Swamp:4  | Found a runed translucent door.
 29955 | Swamp:4  | Identified the +4 trident of the Smoking Gods {vamp, rC+}
 29956 | Swamp:4  | Noticed Okut Hesm's ghost (adept OnWr)
 30112 | Swamp:4  | Noticed a tentacled monstrosity
 30505 | Swamp:4  | Reached skill level 5 in Armour
 30582 | Swamp:4  | Offered knowledge of Plasma Beam by Vehumet.
 30925 | Swamp:4  | Killed a tentacled monstrosity
 30926 | Swamp:4  | Reached skill level 10 in Fire Magic
 31376 | Swamp:4  | Reached skill level 15 in Spellcasting
 31430 | Swamp:4  | Noticed a tentacled monstrosity
 31435 | Swamp:4  | Killed a tentacled monstrosity
 31436 | Swamp:4  | Noticed a tentacled monstrosity
 31454 | Swamp:4  | Killed a tentacled monstrosity
 31560 | Swamp:4  | Got a decaying rune of Zot
 32034 | D:8      | Killed soul19's ghost
 32531 | D:13     | Noticed Kirke
 32539 | D:13     | Killed Kirke
 32658 | D:12     | You paid a toll of 3 scrolls of blinking to enter a
                  | treasure trove
 32659 | Trove    | Entered a treasure trove
 32670 | Trove    | Got Jeggab's Compilation of the Mesa and Fever
 32692 | Trove    | Got Sif Muna's Notes on Conjuring
 32698 | Trove    | Got Sif Muna's Directory of Alchemical Impulse
 32718 | Trove    | Got the Secrets of Outbursts and Cold
 32727 | Trove    | Got Guepem's Encyclopedia of Moving Bombardment
 33304 | D:13     | Noticed Josephine
 33311 | D:13     | Killed Josephine
 33814 | D:13     | Found Aleliergh's Assorted Antiques.
 34696 | D:14     | Paralysed by an ogre mage for 4 turns
 34697 | D:14     | Offered knowledge of Yara's Violent Unravelling by Vehumet.
 34710 | D:14     | Reached XP level 18. HP: 61/110 MP: 37/37
 34879 | D:14     | Identified the +1 helmet of Sloth {+Blink rF- rC+ rN+++}
 34910 | D:14     | Found a gate to the Vaults.
 35381 | D:15     | Entered Level 15 of the Dungeon
 35920 | D:15     | Found a staircase to the Depths.
 36031 | D:15     | Noticed Jorgrun
 36038 | D:15     | Killed Jorgrun
 36421 | D:15     | Found a hide-covered altar of Uskayaw.
 37282 | Spider:1 | Entered Level 1 of the Spider Nest
 37751 | Spider:1 | Noticed Mlioglotl
 37756 | Spider:1 | Killed Mlioglotl
 37769 | Spider:1 | Noticed Frances
 37773 | Spider:1 | Killed Frances
 38147 | Spider:1 | Offered knowledge of Maxwell's Capacitive Coupling by
                  | Vehumet.
 39737 | Spider:2 | Noticed Louise
 39746 | Spider:2 | Killed Louise
 40551 | Spider:2 | Reached XP level 19. HP: 119/119 MP: 38/39
 40686 | Spider:2 | Noticed Asterion
 40695 | Spider:2 | Killed Asterion
 41069 | Spider:3 | Offered knowledge of Fire Storm by Vehumet.
 41069 | Spider:3 | Offered knowledge of Shatter by Vehumet.
 41069 | Spider:3 | Offered knowledge of Chain Lightning by Vehumet.
 41219 | Spider:3 | Found a glacial archway.
 41228 | IceCv    | Entered an ice cave
 41330 | IceCv    | Learned a level 8 spell: Ignition
 43519 | Spider:3 | Reached skill level 15 in Fire Magic
 44648 | Spider:4 | Entered Level 4 of the Spider Nest
 45048 | Spider:4 | Noticed Arachne
 45053 | Spider:4 | Killed Arachne
 45833 | Spider:4 | Reached XP level 20. HP: 127/127 MP: 26/40
 46138 | Spider:4 | Reached skill level 19 in Earth Magic
 46299 | Spider:4 | Got a gossamer rune of Zot
 46626 | Depths:1 | Entered Level 1 of the Depths
 46712 | Depths:1 | Found a gateway to Hell.
 46890 | Depths:1 | Found a one-way gate to the infinite horrors of the Abyss.
 47852 | Depths:1 | Found a one-way gate leading to the halls of Pandemonium.
 48165 | Depths:1 | Noticed Saint Roka
 48230 | Depths:1 | Killed Saint Roka
 48493 | Depths:1 | Identified the +1 broad axe of Ciurid {speed, ^Contam rF+
                  | Will+}
 48761 | Depths:1 | Killed by a reflected crystal spear
                  | ... reflected by an orc warlord

Illustrated notes

Levels and vault maps discovered:
D:1:      mainiacjoe_arrival_reflecting_pool, layout_basic, serial_shops, shop,
          minmay_tetromino_o4
D:2:      minmay_razor_zed, layout_rooms
D:3:      layout_basic, mainiacjoe_overflow_chevrons, lemuel_doored_altar,
          nicolae_elevator_lobby_plus
D:4:      nicolae_cairo_tiling, layout_loops_corners,
          nicolae_dithmenos_through_a_glass_darkly,
          mainiacjoe_overflow_large_starburst, temple_fountains, uniq_edmund
D:5:      layout_basic, nicolae_letterblocks [nicolae_letter_subblock,
          nicolae_letter_subblock, nicolae_letter_subblock,
          nicolae_letter_subblock, nicolae_letter_subblock,
          nicolae_letter_subblock, nicolae_letter_subblock,
          nicolae_letter_subblock, nicolae_letter_subblock,
          nicolae_letter_subblock, nicolae_letter_subblock,
          nicolae_letter_subblock, nicolae_letter_subblock,
          nicolae_letter_subblock, nicolae_letter_subblock,
          nicolae_letter_subblock, nicolae_letter_subblock,
          nicolae_letter_subblock, nicolae_letter_subblock,
          nicolae_letter_subblock, nicolae_letter_subblock,
          nicolae_letter_subblock, nicolae_letter_subblock,
          nicolae_letter_subblock, nicolae_letter_subblock], uniq_grinder,
          uniq_eustachio, uniq_ijyb
D:6:      layout_gridville
D:7:      layout_rooms, elyvilon_altar_1, okawaru_metal_pillars_3, uniq_duvessa
D:8:      layout_layer_cave, ebering_ghost_xom, enter_bailey_3, uniq_maggie
D:9:      layout_basic, amcnicky_altar_gilded,
          mainiacjoe_overflow_six_doors_small, minmay_shop_enchanted_jewellery
D:10:     layout_roguey, david_lair_generic, orc_0_dummy, uniq_fannar
D:11:     layout_basic
D:12:     layout_irregular_city, nicolae_trove_entry_isolated
D:13:     layout_long_grid, serial_shops, nicolae_square_shop, uniq_josephine,
          uniq_kirke
D:14:     layout_loops_cross, hangedman_vaults_entry_quadrant_bands
D:15:     gammafunk_enter_depths_forms, layout_loops_corners, serial_aquarium,
          aquarium_bridge_square [aquarium_subvault_bridge,
          aquarium_subvault_balcony, aquarium_subvault_bridge,
          aquarium_subvault_bridge], aquarium_window_fake,
          aquarium_window_corridor_3, aquarium_view_2b, aquarium_view_2d,
          nicolae_uskayaw_suspiria, uniq_jorgrun
Temple:   dshaligram_water_room_temple
Lair:1:   layout_small_grid, minivault_27, serial_bayou_shore_a
Lair:2:   layout_loops_ring, hibernation_bobbens
Lair:3:   layout_cave_pods, alex1729_swamp_entry_worm_eleionoma,
          spider_nest_entry_funnel_web, serial_bayou_pond_d, lemuel_fruit_tree
Lair:4:   layout_loops_ring
Lair:5:   minmay_lair_end_enchanted_forest, layout_long_grid, slime_entry_1,
          ldierk_geyser, lemuel_fruit_fields
Swamp:1:  layout_basic_swamp, evilmike_swamp_ruin_wall, swamp_pool_3,
          hangedman_swamp_diagram, infiniplex_staircase_pool_2,
          nicolae_swamp_decorative_isthmus
Swamp:2:  nzn_winding_woodlands_medium [nzn_winding_woodlands_5x5_open_star,
          nzn_winding_woodlands_5x15_garden,
          nzn_winding_woodlands_5x5_closed_star,
          nzn_winding_woodlands_5x5_cross,
          nzn_winding_woodlands_center_pierced_h,
          nzn_winding_woodlands_5x5_perimeter,
          nzn_winding_woodlands_5x5_default,
          nzn_winding_woodlands_5x15_sawtooth,
          nzn_winding_woodlands_5x5_default], layout_basic_swamp,
          evilmike_swamp_ruin_house_1, infiniplex_staircase_pool
Swamp:3:  layout_basic_swamp, nicolae_swamp_some_circles, swamp_pool_1_2,
          uniq_aizul
Swamp:4:  nzn_swamp_witches_coven, layout_basic_swamp,
          ebering_ghost_funeral_grove, swamp_pool_4
Spider:1: nicolae_spider_hilbert_zone_4 [nicolae_spider_hilbert_4_sides_2_open,
          nicolae_spider_hilbert_4_sides_1_open,
          nicolae_spider_hilbert_4_sides_1_open,
          nicolae_spider_hilbert_4_sides_1_open,
          nicolae_spider_hilbert_4_sides_1_open,
          nicolae_spider_hilbert_2_sides_1_open,
          nicolae_spider_hilbert_2_sides_1_open,
          nicolae_spider_hilbert_2_sides_1_open,
          nicolae_spider_hilbert_2_sides_1_open,
          nicolae_spider_hilbert_6_sides_1_open,
          nicolae_spider_hilbert_6_sides_1_open,
          nicolae_spider_hilbert_3_sides_1_open,
          nicolae_spider_hilbert_3_sides_1_open], uniq_mlioglotl, uniq_frances
Spider:2: layout_spider_delve, nicolae_spider_scorpion_nest, uniq_louise,
          uniq_asterion
Spider:3: layout_chambers, portal_ice_cave_entry_pillars_1,
          spiders_nest_hornet_nest
Spider:4: grunt_spider_rune_island, hellmonk_deceptive_appearances, uniq_arachne
Orc:1:    layout_caves, enter_volcano_1, serial_shops, shop, uniq_erolcha
Orc:2:    hellmonk_orc_salted, layout_diamond_mine, serial_shops, shop_fountains
Depths:1: layout_small_grid, rand_demon_pan_entry_1, abyss_entry, hell_entry,
          beargit_hepliaklqana_dungeon_heroes, grunt_megastairs_5,
          uniq_saint_roka

Skill      XL: |  1  2  3  4  5  6  7  8  9 10 11 12 13 14 15 16 17 18 19 20 |
---------------+-------------------------------------------------------------+-----
Earth Magic    | 4 5 6 7 8 10 11 13 14 15 16 18 19 | 19.5
Conjurations   | 2 3 4 5 6 8 10 11 13 14 15 16 17 18 | 18.1
Spellcasting   | 3 4 5 6 7 9 10 11 12 13 14 15 16 17 | 17.1
Air Magic      | 4 5 |  5.2
Fighting       | 1 5 7 9 11 13 14 | 14.6
Fire Magic     | 2 8 11 14 15 | 15.3
Armour         | 3 7 |  7.6
Dodging        | |  1.5
Stealth        | |  2.1

Action                     |  1- 3 |  4- 6 |  7- 9 | 10-12 | 13-15 | 16-18 | 19-21 || total
---------------------------+-------+-------+-------+-------+-------+-------+-------++-------
  Melee: Unarmed           |     3 |       |       |       |       |       |       ||     3
         Dagger            |     3 |     6 |     2 |       |       |       |       ||    11
         Staff             |       |       |       |     2 |     2 |    24 |     7 ||    35
   Cast: Sandblast         |    48 |    86 |   125 |   120 |    46 |     9 |    32 ||   466
         Stone Arrow       |       |     4 |    44 |   197 |   143 |   250 |   120 ||   758
         Conjure Ball Ligh |       |       |       |    14 |   108 |    42 |    20 ||   184
         Freezing Cloud    |       |       |       |       |    91 |   152 |    53 ||   296
         Lehudib's Crystal |       |       |       |       |    41 |   168 |   148 ||   357
         Ignition          |       |       |       |       |       |       |    14 ||    14
  Evoke: Wand              |       |       |       |     3 |     1 |     1 |     1 ||     6
    Use: Scroll            |       |       |    17 |     4 |    10 |    13 |     4 ||    48
         Potion            |       |       |       |       |     6 |     8 |       ||    14
 Armour: Robe              |    16 |    59 |    80 |    28 |       |       |       ||   183
         Acid dragon scale |       |       |       |   143 |   262 |   590 |   215 ||  1210
  Dodge: Dodged            |     9 |    52 |    72 |    76 |    57 |   176 |    80 ||   522

Table legend: (Time is in decaauts)
 A = Elapsed time spent in this place.
 B = Non-inter-level travel time spent in this place.
 C = Inter-level travel time spent in this place.
 D = Time resting spent in this place.
 E = Time spent auto-exploring this place.
 F = Levels seen in this place.
 G = Mean time per level.
                   A        B        C        D        E       F      G
               +--------+--------+--------+--------+--------+-----+--------+
         Total |  49076 |  45800 |   3276 |  16913 |  19123 |  36 | 1363.2 |
       Dungeon |  20162 |  18064 |   2098 |   4494 |  10784 |  15 | 1344.1 |
        Temple |      1 |      1 |      0 |      0 |      0 |   1 |    1.0 |
          Lair |   7579 |   7076 |    503 |   2481 |   3332 |   5 | 1515.8 |
         Swamp |   6988 |   6769 |    219 |   3349 |   1709 |   4 | 1747.0 |
   Spider Nest |   7335 |   6921 |    414 |   3549 |   1836 |   4 | 1833.8 |
  Orcish Mines |   1982 |   1941 |     41 |    520 |    957 |   2 |  991.0 |
        Depths |   2134 |   2134 |      0 |   1049 |    493 |   1 | 2134.0 |
         Abyss |    556 |    556 |      0 |    266 |      0 |   1 |  556.0 |
         Trove |     83 |     83 |      0 |      0 |      0 |   1 |   83.0 |
        Bailey |    714 |    714 |      0 |    371 |      0 |   1 |  714.0 |
      Ice Cave |   1536 |   1536 |      0 |    834 |     12 |   1 | 1536.0 |
               +--------+--------+--------+--------+--------+-----+--------+

Top non-repeatable levels by time:
Spider:3: 2137 daAuts
Depths:1: 2134 daAuts
 Swamp:4: 2065 daAuts
Spider:1: 2045 daAuts
  Lair:3: 2042 daAuts
 Swamp:2: 2004 daAuts
  Lair:5: 1908 daAuts
    D:10: 1803 daAuts
Spider:4: 1742 daAuts
     D:8: 1729 daAuts
    D:15: 1711 daAuts
 Swamp:3: 1610 daAuts
   IceCv: 1536 daAuts
     D:4: 1462 daAuts
     D:1: 1433 daAuts
